 Dungeon Crawl Stone Soup version 0.30-a0-1157-g2cc9ac7196 (webtiles) character file.

Game seed: 8466821114019842666

5828 BlueFish the Covert (level 10, -10/68 HPs)
             Began as an Octopode Fighter on Apr 24, 2023.
             Was an Elder of Jiyva.
             Mangled by a hornet (12 damage)
             ... while paralysed by a hornet
             ... on level 9 of the Dungeon.
             The game lasted 00:26:56 (8105 turns).

BlueFish the Covert (Octopode Fighter)              Turns: 8105, Time: 00:26:57

Health: -10/68     AC:  3    Str: 19    XL:     10   Next: 80%
Magic:  21/21      EV:  2    Int: 12    God:    Jiyva [****..]
Gold:   389        SH:  0    Dex: 11    Spells: 17/17 levels left

rFire   + . .        a - +0 whip (elec)
rCold   . . .        o - +2 buckler
rNeg    + . .        n - +2 hat
rPois   .            (no amulet)
rElec   .            j - ring of protection from fire
rCorr   +            l - ring of positive energy
SInv    .            (no ring)
Will    .....        (no ring)
Stlth   +++++        (no ring)
HPRegen 1.59/turn    (no ring)
MPRegen 0.57/turn    (no ring)
                     (no ring)

%: no passive effects
@: paralysed, mighty, lethally poisoned (-10 -> -11), slowed
A: almost no armour, amphibious, 8 rings, camouflage 1, gelatinous body 1,
(nimble swimmer 1), tentacles, high MP 3, MP-powered wands
a: Renounce Religion, Oozemancy, Slimify


You were on level 9 of the Dungeon.
You worshipped Jiyva.
Jiyva was greatly pleased with you.
You visited 1 branch of the dungeon, and saw 9 of its levels.
You also visited: Sewer and Bailey.

You collected 431 gold pieces.
You spent 42 gold pieces at shops.

Inventory:

Hand Weapons
 a - a +0 whip of electrocution (weapon)
 b - a +0 sling
 w - a +0 flail
 B - a +0 whip
Missiles
 k - 81 stones (quivered)
 m - 18 poisoned darts
 D - 5 boomerangs
 E - 12 javelins
Armour
 n - a +2 hat (worn)
 o - a +2 buckler (worn)
 A - a +0 buckler
 G - a +1 hat of willpower
Jewellery
 j - a ring of protection from fire (left tentacle)
 l - a ring of positive energy (right tentacle)
Wands
 g - a wand of charming (12)
 v - a wand of quicksilver (23)
Scrolls
 e - a scroll of noise
 f - a scroll of immolation
 h - a scroll of vulnerability {unknown}
 i - a scroll of silence {unknown}
 p - 4 scrolls of teleportation
 q - a scroll of poison
 r - a scroll of amnesia
 t - a scroll of blinking
 u - a scroll of fog {unknown}
 x - a scroll of summoning {unknown}
 y - a scroll of identify
Potions
 c - a potion of might
 d - a potion of attraction
 s - 2 potions of curing
 z - a potion of mutation
 C - 2 potions of brilliance
 F - a potion of heal wounds


   Skills:
 + Level 6.1 Fighting
 + Level 5.6 Maces & Flails
 + Level 5.1 Throwing
 + Level 6.1 Dodging
 * Level 10.8 Stealth
 + Level 6.2 Shields
 + Level 4.4 Spellcasting
 + Level 5.1 Evocations


You had 17 spell levels left.
You didn't know any spells.
Your spell library contained the following spells:

 Spells                   Type           Power      Damage    Failure   Level
 Apportation              Tloc           4%         N/A       26%         1
 Beastly Appendage        Tmut           4%         N/A       26%         1
 Necrotise                Necr           8%         1d4       26%         1
 Summon Small Mammal      Summ           8%         N/A       26%         1
 Wereblood                Tmut           2%         N/A       36%         2
 Ozocubu's Armour         Ice            2%         N/A       61%         3
 Spider Form              Tmut/Pois      2%         N/A       61%         3
 Volatile Blastmotes      Fire/Tloc      4%         2d10      61%         3
 Fulminant Prism          Conj/Hex       1%         3d5       95%         4
 Iskenderun's Mystic Bla  Conj/Tloc      2%         2d3       95%         4
 Lee's Rapid Deconstruct  Erth           1%         3d4*      100%        5
 Ozocubu's Refrigeration  Ice            1%         4d7       100%        7


Dungeon Overview and Level Annotations

Branches:
Dungeon (9/15)             Temple (0/1) D:4           Sewer (visited)
 Bailey (visited)
   Lair: D:8-11         Orc: D:9-12

Altars:
Fedhas
Gozag
Hepliaklqana
Kikubaaqudgha
Nemelex Xobeh
Qazlal
Ru
Wu Jian
Zin

Shops:
D:5 *(*

Annotations:
D:3 1 runed translucent door, Biggs's ghost, amateur DsFE


Innate Abilities, Weirdness & Mutations

You cannot wear most types of armour.
You are amphibious.
You can wear up to eight rings at the same time.
Your skin changes colour to match your surroundings (Stealth+).
Your rubbery body absorbs attacks. (AC +1, EV +1)
((You are camouflaged when in or above water. (Stealth+)))
You have tentacles for arms and can constrict up to eight enemies at once.
You have a greatly increased reservoir of magic. (+30% MP)
You expend magic power (3 MP) to strengthen your wands.


Message History

You shoot a sling bullet. The orc shouts!
The sling bullet hits the orc.
The orc is almost dead.
You hear a shout!
You shoot a sling bullet.
The sling bullet hits the orc but does no damage.
The orc is almost dead.
A troll comes into view.
You shoot a sling bullet.
The sling bullet closely misses the orc.
The troll shouts!
You hear an angry buzzing noise.
A hornet comes into view.
You hear a distant slurping noise.
You shoot a sling bullet. The sling bullet barely misses the orc.
You hear the crackle of electricity.
a - a +0 whip of electrocution (weapon)
The orc closely misses you.
You hear a distant slurping noise.
The orc attacks as you move away! You block the orc's attack.
The hornet barely misses you. The hornet stings you!
You suddenly lose the ability to move!
The hornet barely misses you.
You can move again.
You hit the hornet but do no damage. Your grab misses the hornet.
The hornet stings you!
You shrug off the repeated paralysis!
The hornet stings you but does no damage.
You feel very mighty all of a sudden. The hornet stings you!
You feel yourself slow down.
You feel better. The hornet misses you. The hornet stings you!
You suddenly lose the ability to move!
You feel yourself speed up. The hornet stings you!
* * * LOW HITPOINT WARNING * * *
You feel yourself slow down. The hornet stings you!
* * * LOW HITPOINT WARNING * * *
You are poisoned.
You feel as though you will be slow longer.
You feel sick. The hornet stings you!
You die...

.....#.............#.#
.###.#.##.##########.#
.###.#...<......# #.#
...........####.# #.#
.....[.<........ #.#
################ #.#
YYY............# #.#
####.######.##.#####.#
#.# ##.#..Ty@....# #.#
##.#...o####### .
#.###.#....[....... #.
#.##.#.....########
#.#.#.#......#
#.#.#.......#
..#c#........#
....#.....!...#
....#......##.#


You could see a troll, a hornet and an orc.

Vanquished Creatures
  Gastronok (D:8)
  Pikel (D:6)
  A kobold demonologist (D:9)
  Maggie (D:7)
  A wyvern (D:8)
  A water moccasin (D:7)
  A black bear (D:6)
  12 orc warriors
  An ogre (D:5)
  10 centaurs
  A lemure (D:6)
  A phantom (D:6)
  2 kobold brigands
  2 bullfrogs
  2 gnoll sergeants
  4 scorpions
  3 wights (D:8)
  2 howler monkeys
  2 jellies (Sewer)
  3 hounds (D:6)
  2 orc priests
  A sleepcap (D:5)
  7 iguanas
  2 orc wizards
  6 gnolls
  6 adders
  2 river rats
  2 ufetubi (D:6)
  A worm (D:2)
  A dart slug (D:4)
  35 orcs
  9 bats
  12 endoplasms
  7 giant cockroaches
  13 goblins
  3 hobgoblins
  9 jackals
  3 quokkas
  6 ball pythons
  9 frilled lizards
  17 kobolds
  10 rats
215 creatures vanquished.

Vanquished Creatures (others)
  A yak (D:9)
  A sky beast (D:6)
  A black bear (D:6)
  2 centaurs (Bailey)
  A howler monkey (D:6)
  20 jellies
  An orc priest (D:7)
  An orc wizard (D:5)
  A gnoll (D:6)
  3 adders
  12 orcs
  3 kobolds (D:6)
  A ball python (Sewer)
  3 plants (D:5)
51 creatures vanquished.

Grand Total: 266 creatures vanquished

Notes
Turn   | Place    | Note
-------+----------+-------------------------------------------
     0 | D:1      | BlueFish the Octopode Fighter began the quest for the Orb.
     0 | D:1      | Reached XP level 1. HP: 16/16 MP: 1/1
    60 | D:1      | Found a faded altar of an unknown god.
   172 | D:1      | Reached skill level 1 in Stealth
   280 | D:1      | Reached XP level 2. HP: 21/21 MP: 2/2
   816 | D:2      | Reached skill level 2 in Stealth
   899 | D:2      | Reached XP level 3. HP: 26/26 MP: 3/3
  1419 | D:3      | Noticed Biggs's ghost (amateur DsFE)
  1424 | D:3      | Found a runed translucent door.
  1462 | D:3      | Reached XP level 4. HP: 31/31 MP: 4/4
  2043 | D:3      | Reached skill level 3 in Stealth
  2344 | D:4      | Reached skill level 1 in Throwing
  2379 | D:4      | Found a glowing drain.
  2383 | Sewer    | Entered a sewer
  2485 | Sewer    | Reached XP level 5. HP: 29/36 MP: 5/5
  2685 | Sewer    | Found a viscous altar of Jiyva.
  2694 | Sewer    | Reached skill level 4 in Stealth
  2714 | Sewer    | Became a worshipper of Jiyva Juosif the Shapeless
  2782 | Sewer    | Identified the +4 scale mail of Dishonour {rC+ Str+5 Dex-3
                  | Stlth+}
  2889 | D:4      | Reached XP level 6. HP: 32/42 MP: 5/7
  3102 | D:4      | Found a staircase to the Ecumenical Temple.
  3224 | D:4      | Reached * piety under Jiyva
  3310 | D:4      | Reached skill level 1 in Spellcasting
  3548 | D:5      | Entered Level 5 of the Dungeon
  3830 | D:5      | Found Cakhon's General Store.
  3843 | D:5      | Bought a potion of curing for 42 gold pieces
  3859 | D:5      | Reached skill level 1 in Evocations
  3889 | D:5      | Found Ylumius's Weapon Emporium.
  4141 | D:5      | Reached ** piety under Jiyva
  4237 | D:5      | Reached XP level 7. HP: 47/47 MP: 8/8
  4317 | D:5      | Found Wuyq's Assorted Antiques.
  4538 | D:6      | Reached skill level 5 in Stealth
  4738 | D:6      | Found a blossoming altar of Fedhas.
  4926 | D:6      | Reached skill level 6 in Stealth
  4926 | D:6      | Reached XP level 8. HP: 41/54 MP: 10/10
  4951 | D:6      | Noticed Pikel
  4971 | D:6      | Killed Pikel
  5059 | D:6      | Reached skill level 7 in Stealth
  5349 | D:6      | Reached skill level 5 in Shields
  5349 | D:6      | Reached XP level 9. HP: 51/60 MP: 13/13
  5722 | D:7      | Reached *** piety under Jiyva
  5796 | D:7      | Reached skill level 5 in Fighting
  5796 | D:7      | Reached skill level 8 in Stealth
  5996 | D:7      | Gained mutation: You expend magic power (3 MP) to
                  | strengthen your wands. [Jiyva's grace]
  5996 | D:7      | Gained mutation: You have an increased reservoir of magic.
                  | (+10% MP) [Jiyva's grace]
  5996 | D:7      | Gained mutation: You have a considerably increased
                  | reservoir of magic. (+20% MP) [Jiyva's grace]
  5996 | D:7      | Gained mutation: You have a greatly increased reservoir of
                  | magic. (+30% MP) [Jiyva's grace]
  6039 | D:7      | Noticed Maggie
  6326 | D:7      | Killed Maggie
  6327 | D:7      | Reached skill level 5 in Dodging
  6600 | D:8      | Found a flagged portal.
  6638 | Bailey   | Entered a bailey
  6910 | Bailey   | Reached skill level 9 in Stealth
  7029 | Bailey   | Reached XP level 10. HP: 57/66 MP: 20/20
  7072 | Bailey   | Reached skill level 5 in Maces & Flails
  7512 | D:8      | Noticed Gastronok
  7524 | D:8      | Killed Gastronok
  7525 | D:8      | Reached skill level 10 in Stealth
  7604 | D:8      | Found a sacrificial altar of Ru.
  7628 | D:8      | Reached skill level 5 in Evocations
  7630 | D:8      | Found a stormy altar of Qazlal.
  7630 | D:8      | Reached **** piety under Jiyva
  7630 | D:8      | Found a hazy altar of Hepliaklqana.
  7630 | D:8      | Found an ornate altar of the Wu Jian Council.
  7632 | D:8      | Found an opulent altar of Gozag.
  7632 | D:8      | Found a sparkling altar of Nemelex Xobeh.
  7632 | D:8      | Found a glowing silver altar of Zin.
  7639 | D:8      | Found an ancient bone altar of Kikubaaqudgha.
  7762 | D:8      | Reached skill level 5 in Throwing
  8000 | D:9      | Noticed a kobold demonologist
  8008 | D:9      | Killed a kobold demonologist
  8099 | D:9      | Paralysed by a hornet for 2 turns
  8103 | D:9      | Paralysed by a hornet for 3 turns
  8104 | D:9      | HP: 2/68 [hornet (8)]
  8105 | D:9      | Mangled by a hornet

Illustrated notes

Levels and vault maps discovered:
D:1:      minmay_arrival_pointy, layout_basic,
          shapermc_ecumenical_altar_mp_ritualfount
D:2:      layout_basic
D:3:      layout_basic, serial_rivers, chequers_serial_rivers_room_b,
          chequers_serial_rivers_micro_b, chequers_serial_rivers_micro_a,
          chequers_serial_rivers_small_a, chequers_serial_rivers_large_b,
          hellmonk_ghost_happy_afterlife
D:4:      layout_basic, minmay_temple_entry_wispy, gup_sewer_entry_bowl,
          grunt_decor_one_mirror
D:5:      layout_layer_cave, serial_shops, nicolae_shop_rolling_square, shop,
          nicolae_stop_n_shop_2, serial_bayou_pond_e
D:6:      minmay_octagon_keep, layout_cave_pods, general_overflow_altar,
          uniq_pikel
D:7:      layout_loops_ring, uniq_maggie
D:8:      layout_basic, grunt_temple_overflow_open, enter_bailey_5,
          uniq_gastronok
D:9:      wad_pebble_path, layout_basic, lemuel_doored_altar, zombieorc2_lemuel,
          minmay_circle_x

Skill      XL: |  1  2  3  4  5  6  7  8  9 10 |
---------------+-------------------------------+-----
Stealth        | 1 2 3 4 6 7 9 10 | 10.8
Throwing       | 1 2 3 4 5 |  5.1
Spellcasting   | 1 2 3 4 |  4.4
Maces & Flails | 3 4 5 |  5.6
Evocations     | 1 2 3 4 5 |  5.1
Shields        | 4 5 6 |  6.2
Fighting       | 4 5 6 |  6.1
Dodging        | 4 5 6 |  6.1

Action                     |  1- 3 |  4- 6 |  7- 9 | 10-12 || total
---------------------------+-------+-------+-------+-------++-------
  Melee: Flail             |    65 |    14 |       |       ||    79
         Constrict         |    15 |    21 |    51 |    19 ||   106
         Tentacles         |    12 |    19 |    65 |    37 ||   133
         Punch             |     1 |     2 |     2 |     1 ||     6
         Whip              |       |    88 |   225 |   102 ||   415
   Fire: Sling             |       |    12 |   102 |    27 ||   141
  Throw: Dart              |       |    14 |     8 |       ||    22
         Stone             |       |     5 |     3 |       ||     8
  Evoke: Wand              |       |     1 |     3 |    12 ||    16
    Use: Potion            |       |     1 |     3 |     2 ||     6
         Scroll            |       |     1 |     7 |     4 ||    12
   Stab: Sleeping          |     9 |    16 |     2 |       ||    27
 Armour: Skin              |     9 |    10 |    20 |    13 ||    52
  Dodge: Dodged            |    48 |    43 |   138 |    69 ||   298
  Block: Buckler           |    10 |    27 |    84 |    36 ||   157

Table legend: (Time is in decaauts)
 A = Elapsed time spent in this place.
 B = Non-inter-level travel time spent in this place.
 C = Inter-level travel time spent in this place.
 D = Time resting spent in this place.
 E = Time spent auto-exploring this place.
 F = Levels seen in this place.
 G = Mean time per level.
                   A        B        C        D        E       F      G
               +--------+--------+--------+--------+--------+-----+--------+
         Total |   8102 |   7878 |    224 |     50 |   5273 |  11 |  736.5 |
       Dungeon |   6854 |   6630 |    224 |     17 |   4864 |   9 |  761.6 |
         Sewer |    419 |    419 |      0 |      0 |    191 |   1 |  419.0 |
        Bailey |    829 |    829 |      0 |     33 |    218 |   1 |  829.0 |
               +--------+--------+--------+--------+--------+-----+--------+

Top non-repeatable levels by time:
     D:6: 1088 daAuts
     D:5: 956 daAuts
     D:3: 923 daAuts
     D:4: 920 daAuts
  Bailey: 829 daAuts
     D:1: 803 daAuts
     D:7: 715 daAuts
     D:8: 675 daAuts
     D:2: 546 daAuts
   Sewer: 419 daAuts
     D:9: 226 daAuts
